 Dungeon Crawl Stone Soup version 0.31-a0-879-g1609e0ac53 (webtiles) character file.

Game seed: 16516284308150263451

4655 mortress the Firebug (level 10, -1/74 HPs)
             Began as a Demonspawn Fire Elementalist on Oct 9, 2023.
             Was an Initiate of Ashenzari.
             Slain by a vampire
             ... wielding a +2 vampiric halberd
              (8 damage)
             ... in a bailey on Oct 14, 2023.
             The game lasted 00:37:42 (8999 turns).

mortress the Firebug (Demonspawn Fire Elementalist) Turns: 8999, Time: 00:37:42

Health: -1/74      AC:  3    Str: 11    XL:     10   Next: 20%
Magic:  8/18       EV: 14    Int: 24    God:    Ashenzari [......]
Gold:   343        SH:  6    Dex: 14    Spells: 10/19 levels left

rFire   + . .        x - +10 long sword "Ordeal of Ashenzari" {flame, rF+, Comp, Cun} (curse)
rCold   . . .        (no shield)
rNeg    . . .        a - +0 robe
rPois   .            (helmet restricted)
rElec   .            (no cloak)
rCorr   .            q - +0 pair of gloves
SInv    .            (no boots)
Will    +....        H - amulet of regeneration
Stlth   +++          g - +6 ring of intelligence
HPRegen 1.12/turn    (no ring)
MPRegen 0.16/turn

%: no passive effects
@: attractive, enlightened, flying, invisible
A: horns 2, large bone plates 2, spiny 1
a: Renounce Religion, Curse Item, Shatter the Chains


You were in a bailey.
You worshipped Ashenzari.
Ashenzari was noncommittal.
You visited 2 branches of the dungeon, and saw 9 of its levels.
You also visited: Bailey.

You collected 343 gold pieces.

Inventory:

Hand Weapons
 x - the cursed +10 long sword "Ordeal of Ashenzari" (weapon) {flame, rF+, Comp, Cun}
   (You found it on level 4 of the Dungeon)

   rF+:       It protects you from fire.
   It has a curse which improves the following skills: Companions: Summonings
   and Necromancy.
   Cunning:   Dodging and Stealth.
Missiles
 h - 6 javelins
 m - 6 curare-tipped darts (quivered)
 r - 3 poisoned darts
 t - 5 boomerangs
Armour
 a - a +0 robe (worn)
 q - a +0 pair of gloves (worn)
Jewellery
 g - a +6 ring of intelligence (left hand)
 v - a ring of protection from fire
 y - an amulet of reflection
 H - an amulet of regeneration (around neck)
 L - a ring of ice
Talismans
 C - a storm talisman
Wands
 J - a wand of iceblast (8)
Scrolls
 f - 2 scrolls of brand weapon {unknown}
 k - a scroll of silence {unknown}
 n - 2 scrolls of vulnerability {unknown}
 o - 4 scrolls of poison {unknown}
 u - 4 scrolls of teleportation
 w - a scroll of revelation {unknown}
 A - 2 scrolls of amnesia {unknown}
 B - a scroll of blinking {unknown}
 F - 3 scrolls of fear {unknown}
 G - a scroll of fog {unknown}
 K - a scroll of enchant armour {unknown}
Potions
 b - 3 potions of magic
 c - 2 potions of mutation
 d - a potion of cancellation
 e - a potion of lignification
 i - a potion of resistance
 s - a potion of might
 D - 2 potions of degeneration


   Skills:
 + Level 5.5 Fighting
 - Level 1.3(3.2) Short Blades
 + Level 4.5(4.7) Long Blades
 + Level 5.4(5.8) Dodging
 - Level 4.0(4.3) Stealth
 + Level 5.4 Spellcasting
 + Level 5.5 Conjurations
 + Level 5.8 Fire Magic
 + Level 3.4 Air Magic
 - Level 2.0 Poison Magic


You had 10 spell levels left.
You knew the following spells:

 Your Spells              Type           Power      Damage    Failure   Level
a - Foxfire               Conj/Fire      100%       2x1d9     1%          1
b - Scorch                Fire           68%        2d7       1%          2
c - Flame Wave            Conj/Fire      33%        2d10      9%          4
d - Poisonous Vapours     Pois/Air       38%        N/A       4%          2

Your spell library contained the following spells:

 Spells                   Type           Power      Damage    Failure   Level
 Inner Flame              Hex/Fire       20%        N/A       8%          3
 Volatile Blastmotes      Fire/Tloc      40%        2d13      8%          3
 Apportation              Tloc           12%        N/A       9%          1
 Necrotise                Necr           24%        1d5       9%          1
 Jinxbite                 Hex            12%        N/A       13%         2
 Summon Guardian Golem    Hex/Summ       6%         N/A       26%         3
 Vampiric Draining        Necr           6%         2d6       26%         3
 Alistair's Intoxication  Tmut/Pois      7%         N/A       83%         5
 Agony                    Necr           6%         N/A       93%         5
 Summon Cactus Giant      Summ           3%         N/A       100%        6
 Orb of Destruction       Conj           16%        9d7       100%        7
 Spellforged Servitor     Conj/Summ      9%         N/A       100%        7


Dungeon Overview and Level Annotations

Branches:
Dungeon (8/15)             Temple (1/1) D:4          Bailey (1/1)
   Lair: D:8-11

Altars:
Ashenzari
Cheibriados
Dithmenos
Fedhas
Gozag
Hepliaklqana
Kikubaaqudgha
Makhleb
Nemelex Xobeh
Okawaru
Qazlal
Ru
Sif Muna
Trog
Uskayaw
Vehumet
Wu Jian
Xom
Yredelemnul


Innate Abilities, Weirdness & Mutations

You have a pair of horns on your head.
You are mostly covered in large bone plates. (SH +6)
You are partially covered in sharp spines.


Message History

Flames lash the vampire but do no damage.
The vampire is no longer more vulnerable to fire.
You block the vampire's attack. The vampire bites you.
The vampire draws strength from your injuries!
Okay, then.
Unknown command.
Okay, then.
Unknown command.
Press: ? - help, v - describe, . - travel
Here: a vampire, wielding a +2 vampiric halberd and wearing a +0 chain mail The floor.
Okay, then.
Unknown command.
It was a potion of invisibility.
You fade into invisibility!
The vampire closely misses you. The vampire misses you.
It was a potion of curing.
You feel better. You block the vampire's attack. The vampire barely misses you.
You hit the vampire but do no damage.
You headbutt the vampire, but do no damage.
The vampire hits you with a +2 vampiric halberd!
The vampire bites you but does no damage.
You hit the vampire but do no damage.
You punch the vampire, but do no damage.
The vampire is struck by your spines. The vampire misses you.
The vampire bites you!
* * * LOW HITPOINT WARNING * * *
The vampire draws strength from your injuries!
You block the vampire's attack. The vampire closely misses you.
It was a potion of enlightenment.
You feel very buoyant.
You fly up into the air.
You block the vampire's attack. The vampire closely misses you.
It was a potion of attraction.
You feel attractive to monsters.
The vampire hits you with a +2 vampiric halberd!
* * * LOW HITPOINT WARNING * * *
The vampire closely misses you.
The vampire hits you from afar with a +2 vampiric halberd!
You die...

#..#...##......
#..#....##.....
#..##....#...♣.
#...##)..##)...
#8......##.....
######....##...♣..
##8...##...#.....♣♣
##[.....##..#..♣....
#V!@##...#..#......♣
#!.####..'..#.....♣.
#[.# #..'..#.......
#8!. #...#..#8..####
##[.....##.8#####..)
##8...###### #÷..
##### #... ####


You could see a vampire.

Vanquished Creatures
  A two-headed ogre (D:6)
  Pikel (D:5)
  A gargoyle (Bailey)
  A hornet (D:7)
  A vampire mosquito (D:7)
  A steam dragon (D:7)
  Menkaure (D:5)
  A black bear (D:7)
  An orc warrior (D:7)
  A sky beast (D:6)
  An ice beast (D:6)
  2 ogres
  3 centaurs
  3 phantoms
  2 bullfrogs
  A wight (D:7)
  7 vampire bats (Bailey)
  6 wolf zombies (Bailey)
  2 howler monkeys (D:7)
  6 hounds
  2 orc priests
  A jelly (D:7)
  5 iguanas
  Ijyb (D:5)
  2 sleepcaps
  6 orc wizards
  7 adders
  4 shadow imps (D:6)
  3 white imps
  7 ufetubi
  4 worms
  2 dart slugs
  22 orcs
  8 ball pythons
  4 endoplasms (D:1)
  4 giant cockroaches
  5 goblins
  10 hobgoblins
  2 jackals (D:3)
  2 quokkas
  4 bats
  2 frilled lizards
  7 kobolds
  18 orc zombies (Bailey)
  4 rats
179 creatures vanquished.

Vanquished Creatures (others)
  A sky beast (D:7)
  216 foxfires
217 creatures vanquished.

Grand Total: 396 creatures vanquished

Notes
Turn   | Place    | Note
-------+----------+-------------------------------------------
     0 | D:1      | mortress the Demonspawn Fire Elementalist began the quest
                  | for the Orb.
     0 | D:1      | Reached XP level 1. HP: 13/13 MP: 3/3
   184 | D:1      | Gained mutation: You have a pair of small horns on your
                  | head. [demonic ancestry]
   184 | D:1      | Reached XP level 2. HP: 19/19 MP: 0/5
   352 | D:1      | Learned a level 2 spell: Scorch
  1106 | D:2      | Gained mutation: You are partially covered in large bone
                  | plates. (SH +4) [demonic ancestry]
  1106 | D:2      | Reached XP level 3. HP: 25/25 MP: 0/6
  1517 | D:2      | Reached skill level 1 in Fighting
  2005 | D:3      | Reached XP level 4. HP: 32/32 MP: 7/7
  2934 | D:3      | Found a hide-covered altar of Uskayaw.
  2947 | D:3      | Found a blossoming altar of Fedhas.
  2985 | D:4      | Found a staircase to the Ecumenical Temple.
  3103 | D:4      | Upgraded the game from 0.31-a0-859-g9dce7d3444 to
                  | 0.31-a0-879-g1609e0ac53
  3117 | Temple   | Entered the Ecumenical Temple
  3158 | Temple   | Became a worshipper of Vehumet
  3211 | D:4      | Noticed a phantom
  3222 | D:4      | Killed a phantom
  3223 | D:4      | Reached skill level 1 in Short Blades
  3223 | D:4      | Reached XP level 5. HP: 26/37 MP: 1/9
  3575 | D:4      | Gained mutation: You are partially covered in sharp spines.
                  | [demonic ancestry]
  3575 | D:4      | Reached XP level 6. HP: 25/44 MP: 2/10
  3703 | D:4      | Found an ornate altar of the Wu Jian Council.
  3810 | D:4      | Identified the +10 long sword "Wapt" {flame, rF+}
  3834 | D:4      | You fall into a shaft and drop 3 floors!
  3932 | D:7      | Reached * piety under Vehumet
  3932 | D:7      | Offered knowledge of Kiss of Death by Vehumet.
  3938 | D:7      | Learned a level 4 spell: Flame Wave
  4034 | D:7      | Noticed a vampire mosquito
  4104 | D:7      | Noticed an ice beast
  4105 | D:7      | Noticed a hornet
  4110 | D:6      | Killed an ice beast
  4111 | D:6      | Reached skill level 1 in Long Blades
  4111 | D:6      | Reached XP level 7. HP: 43/51 MP: 6/11
  4142 | D:6      | Noticed a two-headed ogre
  4193 | D:6      | Found a shimmering altar of Xom.
  4393 | D:6      | Found a broken altar of Ashenzari.
  4572 | D:5      | Entered Level 5 of the Dungeon
  4602 | D:5      | Found a sparkling altar of Nemelex Xobeh.
  4677 | D:5      | Reached XP level 8. HP: 58/58 MP: 6/13
  4778 | D:5      | Noticed Ijyb
  4782 | D:5      | Killed Ijyb
  4920 | D:5      | Identified the +8 hand axe of Pride {holy, *Corrode rPois
                  | rF+++ Int+5}
  4981 | D:5      | Offered knowledge of Poisonous Vapours by Vehumet.
  4983 | D:5      | Reached ** piety under Vehumet
  4987 | D:5      | Learned a level 2 spell: Poisonous Vapours
  5056 | D:5      | Noticed Pikel
  5387 | D:5      | Noticed Menkaure
  5396 | D:5      | Reached skill level 1 in Poison Magic
  5399 | D:5      | Killed Menkaure
  5400 | D:5      | Reached skill level 1 in Air Magic
  5591 | D:5      | Killed Pikel
  5592 | D:5      | Gained mutation: You have a pair of horns on your head.
                  | [demonic ancestry]
  5592 | D:5      | Reached XP level 9. HP: 39/65 MP: 15/15
  5666 | D:6      | Fell from the grace of Vehumet
  5666 | D:6      | Became a worshipper of Ashenzari the Shackled
  5938 | D:6      | Killed a two-headed ogre
  5939 | D:6      | Reached skill level 5 in Fire Magic
  7118 | D:7      | Found a shimmering blue altar of Sif Muna.
  7539 | D:7      | Reached skill level 5 in Spellcasting
  7809 | D:7      | Reached skill level 5 in Conjurations
  7814 | D:7      | Reached skill level 5 in Fighting
  7814 | D:7      | Reached skill level 5 in Dodging
  8286 | D:8      | Found a flagged portal.
  8292 | Bailey   | Entered a bailey
  8568 | Bailey   | Gained mutation: You are mostly covered in large bone
                  | plates. (SH +6) [demonic ancestry]
  8568 | Bailey   | Reached XP level 10. HP: 73/74 MP: 12/17
  8617 | Bailey   | Noticed a gargoyle
  8830 | Bailey   | Killed a gargoyle
  8981 | Bailey   | Found the +2 hood of the Assassin {Detect Stab+ Stlth++}
  8999 | Bailey   | Slain by a vampire

Illustrated notes

Levels and vault maps discovered:
D:1:      elethiomel_arrival_infinity_welcomes_careful_drivers, layout_basic,
          minivault_11
D:2:      layout_basic, hex_large, serial_bayou_ford_a, kennysheep_potato
D:3:      layout_loops_corners, amethyst_overflow_temple_binary
D:4:      layout_loops_ring, nicolae_wu_jian_wuxing_cycle,
          minmay_temple_entry_mini_moons, minmay_misc_feat_columns
D:5:      layout_rooms, nemelex_altar_shiori, nicolae_eternal_life,
          minmay_manual_mess, uniq_crazy_yiuf_cottage, uniq_ijyb, uniq_menkaure,
          uniq_pikel, uniq_eustachio
D:6:      layout_basic, ashenzari_conservatory_becter,
          mainiacjoe_overflow_brackets, serial_demonic, serial_demonic_f,
          serial_demonic_g, serial_demonic_d, serial_demonic_d,
          serial_demonic_g, serial_demonic_f, chequers_serial_rivers_micro_b,
          lemuel_flame_loot_1
D:7:      minmay_clustersquares, layout_layer_cave,
          gammafunk_temple_overflow_elements
D:8:      layout_basic, enter_bailey_1, chequers_jeans,
          minmay_misc_feat_ornament, st_stairs_4, minmay_hollow_rounded_squares,
          uniq_psyche
Temple:   nicolae_temple_bog_church
Bailey:   bailey_polearm_vampire_castle_hellmonk, bailey

Skill      XL: |  1  2  3  4  5  6  7  8  9 |
---------------+----------------------------+-----
Stealth        | 2 3 4 |  4.0
Dodging        | 2 3 4 5 |  5.4
Fire Magic     | 3 4 5 |  5.8
Fighting       | 1 2 3 4 5 |  5.5
Short Blades   | 1 |  1.3
Conjurations   | 2 3 4 5 |  5.5
Spellcasting   | 3 4 5 |  5.4
Long Blades    | 1 2 3 4 |  4.5
Poison Magic   | 2 |  2.0
Air Magic      | 1 3 |  3.4

Action                     |  1- 3 |  4- 6 |  7- 9 | 10-12 || total
---------------------------+-------+-------+-------+-------++-------
  Melee: Unarmed           |     2 |       |       |       ||     2
         Short sword       |    11 |       |       |       ||    11
         Dagger            |       |    20 |       |       ||    20
         Headbutt          |       |     3 |    11 |     8 ||    22
         Long sword        |       |       |    91 |    39 ||   130
         Punch             |       |       |       |     1 ||     1
  Throw: Dart              |     1 |     1 |     2 |       ||     4
   Cast: Foxfire           |    70 |    41 |    12 |     1 ||   124
         Scorch            |     1 |    30 |    70 |    13 ||   114
         Poisonous Vapours |       |       |     6 |       ||     6
         Flame Wave        |       |       |     3 |       ||     3
 Invoke: Curse Item        |       |       |     1 |       ||     1
  Evoke: Wand              |       |       |     3 |     4 ||     7
    Use: Potion            |       |     1 |     2 |     5 ||     8
         Scroll            |       |       |       |     6 ||     6
   Stab: Sleeping          |     2 |       |     1 |     1 ||     4
         Distracted        |       |       |       |     1 ||     1
 Armour: Robe              |    22 |    13 |    65 |    33 ||   133
  Dodge: Dodged            |    22 |    10 |    65 |    37 ||   134
  Block: Other             |     1 |     4 |    38 |    16 ||    59
         Reflection        |       |       |     3 |       ||     3

Table legend: (Time is in decaauts)
 A = Elapsed time spent in this place.
 B = Non-inter-level travel time spent in this place.
 C = Inter-level travel time spent in this place.
 D = Time resting spent in this place.
 E = Time spent auto-exploring this place.
 F = Levels seen in this place.
 G = Mean time per level.
                   A        B        C        D        E       F      G
               +--------+--------+--------+--------+--------+-----+--------+
         Total |   9006 |   8626 |    380 |    769 |   6017 |  10 |  900.6 |
       Dungeon |   8256 |   7888 |    368 |    645 |   5643 |   8 | 1032.0 |
        Temple |     54 |     42 |     12 |      0 |      0 |   1 |   54.0 |
        Bailey |    695 |    695 |      0 |    124 |    374 |   1 |  695.0 |
               +--------+--------+--------+--------+--------+-----+--------+

Top non-repeatable levels by time:
     D:6: 1879 daAuts
     D:7: 1536 daAuts
     D:3: 1131 daAuts
     D:1: 1006 daAuts
     D:5: 948 daAuts
     D:4: 893 daAuts
     D:2: 846 daAuts
  Bailey: 695 daAuts
  Temple: 54 daAuts
     D:8: 14 daAuts
